 Dungeon Crawl Stone Soup version 0.31-a0-112-gdf0485fa37 (webtiles) character file.

Game seed: 10292228401356056055

23 Drazool the Shooter (level 3, -15/28 HPs)
             Began as a Barachi Hunter on May 29, 2023.
             Killed from afar by an efreet (28 damage)
             ... with a fireball
             ... on level 1 of the Abyss.
             The game lasted 00:03:11 (463 turns).

Drazool the Shooter (Barachi Hunter)                 Turns: 463, Time: 00:03:11

Health: -15/28     AC: 11    Str: 12    XL:     3   Next: 0%
Magic:  3/3        EV:  6    Int:  9    God:
Gold:   32         SH:  0    Dex: 17    Spells: 2/2 levels left

rFire   . . .        a - +0 shortbow
rCold   . . .        (shield currently unavailable)
rNeg    . . .        d - +3 chain mail
rPois   .            (no helmet)
rElec   .            (no cloak)
rCorr   .            (no gloves)
SInv    .            (no boots)
Will    .....        (no amulet) Stlth
                     (no ring)
HPRegen 0.24/turn    (no ring)
MPRegen 0.08/turn

%: no passive effects
@: slow
A: amphibious, slowness 1, strong legs 1, +LOS
a: Hop


You were on level 1 of the Abyss.
You visited 1 branch of the dungeon, and saw 1 of its levels.
You visited the Abyss 1 time.

You collected 32 gold pieces.


Innate Abilities, Weirdness & Mutations

You are amphibious.
You cover ground slowly.
You can hop short distances.
You have an extended range of vision and can be seen from far away.


   Skills:
 - Level 2.4 Fighting
 + Level 4.9 Ranged Weapons
 - Level 2.1 Dodging
 - Level 0.8 Stealth


You had 2 spell levels left.
You didn't know any spells.
Your spell library was empty.

Inventory:

Hand Weapons
 a - a +0 shortbow (weapon)
Armour
 c - a +0 leather armour
 d - a +3 chain mail (worn)
Jewellery
 S - a +6 ring of strength
Scrolls
 b - a scroll of immolation
 e - a scroll of noise {unknown}
 f - a scroll of torment {unknown}
Potions
 g - a potion of degeneration {unknown}

Dungeon Overview and Level Annotations

Branches:
Dungeon (1/15)

Altars:

..# ..# ..# #
#.# #≈#.# ~#.#
'.# #.# #@# #
###§#
#..#..#°# ...
#'..#°## .
##...#°....
#..#R#R...▓▒
###..▒○#.....
.##....°.#....
#'....♣..#..#


You could see an efreet.


Message History

Increase (S)trength, (I)ntelligence, or (D)exterity?
You feel agile. x2
Found 5 gold pieces.
Things that are here:
a +0 whip; 2 stones A kobold comes into view.
It is wielding a +2 whip of distortion.
The kobold shouts!
You hear a shout!
A hobgoblin comes into view.
You shoot an arrow. The arrow hits the kobold.
The kobold is moderately wounded.
The kobold hits you with a +2 whip of distortion.
You are cast into the Abyss!
To return, you must find a gate leading back.
Killing monsters will force the Abyss to allow you passage.
This branch contains the abyssal rune of Zot.
Okay, then.
HP restored.
An efreet comes into view.
It is wielding a +0 scimitar of flaming.
An efreet is nearby!
You enter the shallow water.
The efreet gestures at you.
The fireball explodes!
The fireball engulfs you!
Ouch! That really hurt!
* * * LOW HITPOINT WARNING * * *
You hear a shout!
Unknown command.
The efreet gestures at you.
The fireball explodes!
The fireball engulfs you!!
Ouch! That really hurt!
You die...

Action                     || total
---------------------------++-------
   Fire: Shortbow          ||    57
 Armour: Chain mail        ||    33
  Dodge: Dodged            ||    14

Levels and vault maps discovered:
D:1:      nicolae_arrival_somewhat_less_tricky_arrival, layout_basic,
          minmay_cut_off
Abyss:1:  base:
D:1

Notes
Turn   | Place    | Note
-------+----------+-------------------------------------------
     0 | D:1      | Drazool the Barachi Hunter began the quest for the Orb.
     0 | D:1      | Reached XP level 1. HP: 17/17 MP: 1/1
   224 | D:1      | Reached XP level 2. HP: 16/23 MP: 2/2
   412 | D:1      | Reached XP level 3. HP: 28/28 MP: 3/3
   416 | D:1      | You are cast into the Abyss!
   416 | Abyss:1  | Cast into level 1 of the Abyss (kobold)
   452 | Abyss:1  | Noticed an efreet
   463 | Abyss:1  | Killed from afar by an efreet

Vanquished Creatures
  2 bats (D:1)
  2 endoplasms (D:1)
  A giant cockroach (D:1)
  4 goblins (D:1)
  A jackal (D:1)
  3 kobolds (D:1)
  2 quokkas (D:1)
  3 ball pythons (D:1)
  A frilled lizard (D:1)
  A rat (D:1)
20 creatures vanquished.

Table legend: (Time is in decaauts)
 A = Elapsed time spent in this place.
 B = Non-inter-level travel time spent in this place.
 C = Inter-level travel time spent in this place.
 D = Time resting spent in this place.
 E = Time spent auto-exploring this place.
 F = Levels seen in this place.
 G = Mean time per level.
                   A        B        C        D        E       F      G
               +--------+--------+--------+--------+--------+-----+--------+
         Total |    567 |    567 |      0 |      0 |    402 |   2 |  283.5 |
       Dungeon |    511 |    511 |      0 |      0 |    361 |   1 |  511.0 |
         Abyss |     56 |     56 |      0 |      0 |     41 |   1 |   56.0 |
               +--------+--------+--------+--------+--------+-----+--------+

Top non-repeatable levels by time:
     D:1: 511 daAuts
 Abyss:1: 56 daAuts

Table legend:
 A = Non-vault XP
 B = Vault XP
 C = Vault XP percentage of total XP
 D = Non-vault monster count
 E = Vault monster count
 F = Vault count percentage of total count
                 A         B        C        D         E       F
            +---------+---------+-------+---------+---------+-------
      Total |      30 |       4 |  11.8 |      17 |       3 |  15.0
            +---------+---------+-------+---------+---------+-------
        D:1 |      30 |       4 |  11.8 |      17 |       3 |  15.0
            +---------+---------+-------+---------+---------+-------
